 Dungeon Crawl Stone Soup version 0.15-a0-963-gb693d2a (console) character file.

651 DragonArmour the Basher (level 7, -16/70 HPs)
             Began as an Ogre Chaos Knight on May 22, 2014.
             Was a Plaything of Xom.
             Demolished by a shadow wraith (17 damage)
             ... on Level 1 of the Abyss.
             The game lasted 00:11:34 (2262 turns).

DragonArmour the Basher (Ogre Chaos Knight)         Turns: 2262, Time: 00:11:34

HP -16/70        AC  6     Str 18      XL: 7   Next: 53%
MP   7/7         EV 10     Int 11      God: Xom
Gold 140         SH  0     Dex  9      Spells:  0 memorised,  6 levels left

rFire  . . .     SeeInvis .     a - +0 mace (chaos)
rCold  . . .     Clarity  .     b - +2 robe
rNeg   . . .     Conserve .     (shield restricted)
rPois  +         rCorr    .     (helmet restricted)
rElec  .         rRot     .     (no cloak)
SustAb .         Spirit   .     (gloves unavailable)
rMut   .         Warding  .     (boots unavailable)
Gourm  .         Stasis   .     (no amulet)
MR     .....                    (no ring)
                                h - ring of poison resistance

@: slowed, very slow, not resistant to hostile enchantments, very unstealthy
A: unfitting armour, yellow scales 1, clumsy 1, deformed body, deterioration 3,
tough skin 1, wild magic 1
a: Renounce Religion


You were on level 1 of the Abyss.
You worshipped Xom.
You were Xom's teddy bear.
You were not hungry.

You visited 2 branches of the dungeon, and saw 6 of its levels.
You visited the Abyss 1 time.

You collected 140 gold pieces.

Inventory:

Hand weapons
 a - a +0,+0 mace of chaos (weapon)
 n - a +3,+2 halberd of chaos
Armour
 b - a +2 robe (worn)
Magical devices
 r - a wand of lightning (2)
Comestibles
 c - 3 meat rations
 f - 42 strawberries
 k - 2 bread rations
 u - 2 pears
Scrolls
 g - a scroll of identify {unknown}
 i - a scroll of magic mapping {unknown}
 j - a scroll of enchant weapon II {unknown}
 l - a scroll of teleportation {unknown}
 m - a scroll of recharging {unknown}
 p - a scroll of remove curse
 q - a scroll of enchant weapon I {unknown}
 t - a scroll of fog {unknown}
 x - a scroll of random uselessness {unknown}
Jewellery
 h - a ring of poison resistance (left hand)
Potions
 o - a potion of restore abilities
Magical staves
 d - an uncursed staff of death
 e - an uncursed staff of fire


   Skills:
 - Level 4.0 Fighting
 + Level 11.0 Maces & Flails
 - Level 2.1 Dodging


You had 6 spell levels left.
You didn't know any spells.

Dungeon Overview and Level Annotations

Branches:
Dungeon (5/15)             Temple (1/1) D:4

Altars:
Ashenzari
Cheibriados
Elyvilon
Fedhas
Gozag
Kikubaaqudgha
Makhleb
Nemelex Xobeh
Qazlal
Sif Muna
Xom
Yredelemnul
Zin
The Shining One

Annotations:
D:3 exclusion: oklob plant


Innate Abilities, Weirdness & Mutations

You are too large for most types of armour.
You have tough skin (AC +1).
You are partially covered in yellow scales (AC +2).
You are clumsy. (Dex -2)
Armour fits poorly on your strangely shaped body.
Your spells are a little harder to cast, but a little more powerful.
[Your body is rapidly deteriorating.]


Message History

The wretched star pulses with an eldritch light!
You feel yourself wasting away. x2
You feel your body start to fall apart.
The small abomination closely misses you.
Your iron imp hits the small abomination.
Something hits you!!
* * * LOW HITPOINT WARNING * * *
Your iron imp hits the small abomination.
The small abomination barely misses you.
You sock the small abomination! You burn the small abomination.
You destroy the small abomination!
Your Maces & Flails skill increases to level 11!
Something hits you!
* * * LOW HITPOINT WARNING * * *
Something drains your vigor!
You feel as though you will be slow longer.
* * * LOW HITPOINT WARNING * * *
Your iron imp closely misses something.
Something hits you!
You die...
Xom titters!

.# #.#. #... # ## ..#
## ...#. .# # ...
.#.#..####.##. #
#...###..#.......#.#
#..#. . .#.#.....#.#...
.... .#...##@......# .#
# . .
##..##.#.55.#.##.... ..
#..... .#..#...###.. .
# .#........##.#...#..
. .#......#.##...#>#.#.
. .
#...#.##.*#..#.#.#.#.#.
......#........ #.# #
.. #. ....####.#
W.#.#.. # # ...
#.........#. . .#


You could see a wretched star and 2 friendly iron imps.

Vanquished Creatures
  A small abomination (Abyss:1)
  A water moccasin (D:4)
  2 scorpions (D:5)
  3 hounds
  An orc wizard (D:4)
  2 big fish (D:3)
  Natasha (thrice) (D:3)
  2 worker ants
  2 adders (D:3)
  A worm (D:4)
  4 giant geckos
  An ooze (D:3)
  An orc (shapeshifter) (D:4)
  10 orcs
  2 giant cockroaches
  2 goblins
  10 hobgoblins
  8 jackals
  4 kobolds
  A quokka (D:2)
  A ball python (D:4)
  4 bats
  4 giant newts (D:1)
  A hobgoblin zombie (D:5)
  An orc zombie (D:5)
  12 rats
84 creatures vanquished.

Vanquished Creatures (others)
  A shadow (Abyss:1)
1 creature vanquished.

Grand Total: 85 creatures vanquished

Notes
Turn   | Place    | Note
--------------------------------------------------------------
     0 | D:1      | DragonArmour, the Ogre Chaos Knight, began the quest for the Orb.
     0 | D:1      | Reached XP level 1. HP: 24/24 MP: 1/1
    26 | D:1      | Reached XP level 2. HP: 22/32 MP: 2/2
    49 | D:1      | XOM: harmless Chrm miscast
   173 | D:1      | Reached skill level 5 in Maces & Flails
   344 | D:2      | XOM: harmless Conj miscast
   450 | D:3      | Reached XP level 3. HP: 36/39 MP: 3/3
   465 | D:3      | XOM: divination: detect creatures
   553 | D:3      | Found a blossoming altar of Fedhas.
   559 | D:3      | XOM: potion effect (might)
   560 | D:3      | Reached skill level 6 in Maces & Flails
   560 | D:3      | Reached XP level 4. HP: 38/48 MP: 4/4
   566 | D:3      | Reached skill level 7 in Maces & Flails
   575 | D:3      | Noticed an oklob plant
   615 | D:3      | Noticed Natasha
   620 | D:3      | Killed Natasha
   620 | D:3      | Reached XP level 5. HP: 33/54 MP: 5/5
   622 | D:3      | Found a burning altar of Makhleb.
   642 | D:3      | Noticed Natasha
   647 | D:3      | Killed Natasha
   817 | D:3      | XOM: colour smoke trail
   839 | D:4      | Reached skill level 8 in Maces & Flails
   854 | D:3      | XOM: divination: detect creatures
   919 | D:3      | Noticed Natasha
   923 | D:3      | Killed Natasha
   937 | D:4      | Noticed an orc warrior
   985 | D:4      | Reached XP level 6. HP: 49/62 MP: 6/6
  1044 | D:4      | Reached skill level 9 in Maces & Flails
  1056 | D:4      | XOM: scenery: 1 doors close
  1156 | D:4      | Found an ancient bone altar of Kikubaaqudgha.
  1238 | D:4      | XOM: harmless Conj miscast
  1265 | D:4      | Found a staircase to the Ecumenical Temple.
  1277 | Temple   | Entered the Ecumenical Temple
  1434 | D:4      | XOM: chaos upgrade
  1437 | D:4      | XOM: swap weapons
  1497 | D:3      | XOM: medium Trmt miscast
  1524 | D:3      | Gained mutation: You are clumsy. (Dex -2) [mutagenic glow]
  1655 | D:5      | Entered Level 5 of the Dungeon
  1836 | D:5      | XOM: summons 3 hostile demons
  1837 | D:5      | Noticed a smoke demon
  1864 | D:4      | XOM: polymorph hound -> centaur
  1865 | D:4      | XOM: confusion
  1869 | D:4      | Gained mutation: You are partially covered in yellow scales (AC +2). [potion of beneficial mutation]
  1870 | D:4      | Gained mutation: Armour fits poorly on your strangely shaped body. [potion of mutation]
  1870 | D:4      | Gained mutation: Your spells are a little harder to cast, but a little more powerful. [potion of mutation]
  2042 | D:4      | Noticed a water moccasin
  2068 | D:4      | XOM: medium Hex miscast
  2082 | D:4      | Killed a water moccasin
  2082 | D:4      | Reached skill level 10 in Maces & Flails
  2082 | D:4      | Reached XP level 7. HP: 25/70 MP: 7/7
  2187 | D:5      | XOM: harmless Trmt miscast
  2190 | D:5      | XOM: noise
  2200 | D:5      | XOM: severe Summ miscast
  2200 | D:5      | Cast into the Abyss (the severe capriciousness of Xom)
  2209 | Abyss:1  | XOM: vitrification
  2244 | Abyss:1  | Noticed a shadow
  2250 | Abyss:1  | Killed a shadow
  2250 | Abyss:1  | XOM: divine lightning (protected)
  2253 | Abyss:1  | XOM: summons 2 friendly demons
  2259 | Abyss:1  | Noticed a wretched star
  2262 | Abyss:1  | Reached skill level 11 in Maces & Flails
  2262 | Abyss:1  | HP: 3/70 [something (17)]
  2262 | Abyss:1  | HP: 1/70 [something (2)]
  2262 | Abyss:1  | Demolished by a shadow wraith

Action                   |  1- 3 |  4- 6 |  7- 9 || total
-------------------------+-------+-------+-------++-------
Melee: Mace              |    82 |    56 |     9 ||   147
       Flail             |     8 |   119 |       ||   127
Evoke: Wand              |       |     1 |       ||     1
  Use: Potion            |       |     8 |       ||     8
       Scroll            |       |     1 |       ||     1
